 Dungeon Crawl Stone Soup version 0.31-a0-977-gc230f8ef24 (webtiles) character file.

Game seed: 14326437937099142557

428 Arzdou the Changeling (level 6, 0/38 HPs)
             Began as an Octopode Shapeshifter on Oct 29, 2023.
             Engulfed by a steam dragon's steam (8 damage)
             ... on level 5 of the Dungeon.
             The game lasted 00:06:39 (3800 turns).

Arzdou the Changeling (Octopode Shapeshifter)       Turns: 3800, Time: 00:06:40

Health: 0/38       AC:  1    Str: 15    XL:     6   Next: 98%
Magic:  6/6        EV: 13    Int: 13    God:
Gold:   307        SH:  0    Dex: 11    Spells: 5/5 levels left

rFire   . .          .
                       - Unarmed
rCold   . . .        (no shield)
rNeg    . . .        (helmet currently unavailable)
rPois   .            (no amulet)
rElec   .            d - ring of see invisible
rCorr   .            (no ring)
SInv    +            (no ring)
Will    .....        (no ring)
Stlth   ++           (no ring)
HPRegen 0.26/turn    (no ring)
MPRegen 0.10/turn    (no ring)
                     (no ring)

%: no passive effects
@: beast-form
A: beast (slay +4), almost no armour, amphibious, 8 rings, camouflage 1,
gelatinous body 1, (nimble swimmer 1), tentacles
a: Begin Untransformation


You were on level 5 of the Dungeon.
You were a hulking beast.
You visited 1 branch of the dungeon, and saw 5 of its levels.

You collected 307 gold pieces.

Inventory:

Missiles
 t - a throwing net
Armour
 e - a +2 hat
Jewellery
 d - a ring of see invisible (left tentacle)
 u - an amulet of magic regeneration
Talismans
 b - a beast talisman
 c - a flux talisman
Wands
 q - a wand of mindburst (10)
 y - a wand of quicksilver (15)
Scrolls
 a - 2 scrolls of vulnerability {unknown}
 f - 2 scrolls of identify {unknown}
 g - 2 scrolls of enchant armour {unknown}
 m - 3 scrolls of immolation {unknown}
 o - a scroll of noise {unknown}
 p - 4 scrolls of teleportation {unknown}
 s - a scroll of enchant weapon {unknown}
 w - a scroll of silence {unknown}
Potions
 h - a potion of attraction {unknown}
 i - 2 potions of invisibility {unknown}
 j - 2 potions of lignification
 k - 3 potions of curing {unknown}
 l - 2 potions of heal wounds {unknown}
 n - 2 potions of enlightenment {unknown}
 r - a potion of haste {unknown}
 v - a potion of resistance {unknown}
 x - a potion of magic {unknown}
 z - 2 potions of berserk rage {unknown}


   Skills:
 - Level 1.0 Fighting
 - Level 2.0 Dodging
 - Level 3.0 Unarmed Combat
 + Level 7.1 Shapeshifting


You had 5 spell levels left.
You didn't know any spells.
Your spell library contained the following spells:

 Spells                   Type           Power      Damage    Failure   Level
 Dazzling Flash           Conj/Hex       0%         N/A       67%         3
 Volatile Blastmotes      Fire/Tloc      0%         2d10      67%         3
 Conjure Ball Lightning   Conj/Air       0%         3x3d6     100%        6
 Starburst                Conj/Fire      0%         6d3       100%        6
 Discord                  Hex            0%         N/A       100%        8
 Disjunction              Tloc           0%         N/A       100%        8
 Maxwell's Capacitive Co  Air            0%         ∞         100%        8


Dungeon Overview and Level Annotations

Branches:
Dungeon (5/15)
 Temple: D:4-7

Altars:
Fedhas
Nemelex Xobeh
Trog
Yredelemnul

Annotations:
D:3 6 runed translucent doors, Crescendo's ghost, amateur DsMo; Crescendo's ghost, weakling DsDe
D:5 Sigmund


Innate Abilities, Weirdness & Mutations

You are a hulking beast.
Your limbs bulge with bestial killing power. (Slay +4)
You cannot wear most types of armour.
You are amphibious.
You can wear up to eight rings at the same time.
Your skin changes colour to match your surroundings (Stealth+).
Your rubbery body absorbs attacks. (AC +1, EV +1)
((You are camouflaged when in or above water. (Stealth+)))
You have tentacles for arms and can constrict up to eight enemies at once.


Message History

There is an escape hatch in the ceiling here.
A mysterious force pulls you upwards. The hatch slams shut behind you.
You start resting.
HP restored.
There is a stone staircase leading down here.
You climb downwards.
Level annotation: Sigmund
There is a stone staircase leading up here.
You climb upwards.
There is a stone staircase leading down here.
There is an open door here.
There is an open door here.
There is a stone staircase leading down here.
You climb downwards.
Level annotation: Sigmund
There is a stone staircase leading up here.
The adder hisses angrily.
The steam dragon hisses angrily.
A hound comes into view.
The steam dragon bites you. The steam dragon misses you.
The hound barks!
You tentacle-slap the steam dragon.
The steam dragon is lightly wounded.
The steam dragon breathes steam at you. The ball of steam misses you.
You hear an angry hiss.
Unknown command.
The steam dragon attacks as it pursues you!
The steam dragon bites you! The steam dragon claws you.
The steam dragon attacks as it pursues you!
The steam dragon bites you. The steam dragon barely misses you.
Unknown command.
The steam dragon attacks as it pursues you!
The steam dragon closely misses you. x2
The steam dragon breathes steam at you. The ball of steam hits you!
* * * LOW HITPOINT WARNING * * *
There is a stone staircase leading up here.
You are engulfed in a cloud of scalding steam.
You die...

.#.#...####.######### ..
.#......#.........§.#.###
.........................
###...#.#.#.......§h#
##......#####..#.......
##.#...# #hD#.##.### #
#.#...# #.§#.# # #
#.#...#####.§#.# #
#.#.........h#.# #
#.#....#######.# ####
#.##. .# .... #.# .#
#######.# .......)### #
#.Y..(....##.#.##
#.........+§..D.#
#.........#Y§##.#


You could see a hound.

Vanquished Creatures
  Menkaure (D:4)
  2 hounds
  An orc priest (D:5)
  A scorpion zombie (D:2)
  A howler monkey zombie (D:3)
  6 gnolls
  3 adders
  An adder skeleton (D:2)
  An adder zombie (D:2)
  A worm (D:2)
  2 dart slugs
  6 orcs
  5 ball pythons
  6 endoplasms
  A giant cockroach (D:1)
  8 goblins
  8 hobgoblins
  4 jackals (D:1)
  9 kobolds
  A quokka (D:1)
  A ball python skeleton (D:2)
  6 bats
  A frilled lizard (D:2)
  A jackal skeleton (D:2)
  A quokka skeleton (D:2)
  A quokka zombie (D:3)
  5 rats
84 creatures vanquished.

Vanquished Creatures (others)
  An ufetubus (D:5)
1 creature vanquished.

Grand Total: 85 creatures vanquished

Notes
Turn   | Place    | Note
-------+----------+-------------------------------------------
     0 | D:1      | Arzdou the Octopode Shapeshifter began the quest for the
                  | Orb.
     0 | D:1      | Reached XP level 1. HP: 13/13 MP: 1/1
   132 | D:1      | Found a faded altar of an unknown god.
   135 | D:1      | Reached XP level 2. HP: 15/18 MP: 2/2
   330 | D:1      | Reached XP level 3. HP: 23/23 MP: 3/3
   354 | D:1      | Reached skill level 4 in Shapeshifting
   958 | D:2      | Reached XP level 4. HP: 28/28 MP: 4/4
  1121 | D:2      | Reached skill level 5 in Shapeshifting
  1299 | D:2      | Reached XP level 5. HP: 33/33 MP: 5/5
  1696 | D:3      | Found a runed translucent gate.
  1696 | D:3      | Found a runed translucent gate.
  1696 | D:3      | Found a runed translucent gate.
  1696 | D:3      | Noticed Crescendo's ghost (weakling DsDe)
  1698 | D:3      | Found a basalt altar of Yredelemnul.
  2015 | D:3      | Found a runed translucent gate.
  2015 | D:3      | Found a runed translucent gate.
  2015 | D:3      | Found a runed translucent gate.
  2037 | D:2      | Reached skill level 6 in Shapeshifting
  2128 | D:3      | Reached XP level 6. HP: 31/38 MP: 6/6
  2158 | D:3      | Noticed Crescendo's ghost (amateur DsMo)
  2251 | D:3      | Found a blossoming altar of Fedhas.
  2251 | D:3      | Found a sparkling altar of Nemelex Xobeh.
  2373 | D:3      | Found a bloodstained altar of Trog.
  2709 | D:4      | Noticed Menkaure
  2733 | D:4      | Killed Menkaure
  2976 | D:5      | Entered Level 5 of the Dungeon
  3065 | D:5      | Noticed Sigmund
  3397 | D:5      | Reached skill level 7 in Shapeshifting
  3584 | D:5      | Noticed a sky beast
  3586 | D:5      | Noticed a steam dragon
  3800 | D:5      | Engulfed by a steam dragon's steam

Illustrated notes

Levels and vault maps discovered:
D:1:      ncdulo_halloftheorcs, layout_loops_cross,
          hellmonk_ecumenical_altar_lost_god
D:2:      layout_rooms, serial_undead, serial_undead_d, serial_undead_d,
          serial_undead_b, serial_undead_c, serial_undead_e,
          kennysheep_generic_room_11
D:3:      layout_rooms, general_overflow_altar,
          nicolae_yredelemnul_ghost_church, gammafunk_temple_overflow_elements,
          ebering_ghost_rock_garden
D:4:      layout_basic, kennysheep_nub, fountainhead, uniq_menkaure
D:5:      layout_basic, minmay_manual_mess, uniq_sigmund

Skill      XL: |  1  2  3  4  5  6 |
---------------+-------------------+-----
Shapeshifting  | 4 5 6 7 |  7.1
Fighting       | |  1.0
Dodging        | |  2.0
Unarmed Combat | |  3.0

Action                     |  1- 3 |  4- 6 || total
---------------------------+-------+-------++-------
  Melee: Unarmed           |    65 |    99 ||   164
         Constrict         |    10 |    28 ||    38
         Tentacles         |     9 |    28 ||    37
         Punch             |     1 |     3 ||     4
  Evoke: Wand              |       |     2 ||     2
    Use: Potion            |     1 |       ||     1
   Stab: Sleeping          |     1 |     8 ||     9
         Distracted        |       |     1 ||     1
 Armour: Skin              |    35 |    47 ||    82
  Dodge: Dodged            |    33 |    54 ||    87

Table legend: (Time is in decaauts)
 A = Elapsed time spent in this place.
 B = Non-inter-level travel time spent in this place.
 C = Inter-level travel time spent in this place.
 D = Time resting spent in this place.
 E = Time spent auto-exploring this place.
 F = Levels seen in this place.
 G = Mean time per level.
                   A        B        C        D        E       F      G
               +--------+--------+--------+--------+--------+-----+--------+
         Total |   3794 |   3526 |    268 |    638 |   2147 |   5 |  758.8 |
       Dungeon |   3794 |   3526 |    268 |    638 |   2147 |   5 |  758.8 |
               +--------+--------+--------+--------+--------+-----+--------+

Top non-repeatable levels by time:
     D:1: 884 daAuts
     D:2: 851 daAuts
     D:4: 816 daAuts
     D:3: 791 daAuts
     D:5: 450 daAuts
